 Dungeon Crawl Stone Soup version 0.28.0-49-g6dfe1f597d (webtiles) character file.

Game seed: 9606456234832336061

15 Exodus22XD the Covered (level 2, 27/27 HPs)
             Began as a Minotaur Fighter on May 14, 2022.
             Was an Initiate of Yredelemnul.
             Quit the game on level 1 of the Dungeon.
             The game lasted 00:00:21 (376 turns).

Exodus22XD the Covered (Minotaur Fighter)            Turns: 376, Time: 00:00:22

Health: 27/27      AC:  7    Str: 20    XL:     2   Next: 34%
Magic:  1/1        EV:  9    Int:  5    God:    Yredelemnul [......]
Gold:   57         SH:  4    Dex:  9    Spells: 1/1 levels left

rFire   . . .      SeeInvis .   a - +0 war axe
rCold   . . .      Faith    .   c - +0 buckler
rNeg    . . .      Spirit   .   b - +0 scale mail
rPois   .          Reflect  .   (helmet restricted)
rElec   .          Harm     .   (no cloak)
rCorr   .          Rampage  .   (no gloves)
Will    .....                   (no boots)
Stlth   ..........              (no amulet)
HPRegen 0.09/turn               (no ring)
MPRegen 0.07/turn               (no ring)

@: no status effects
A: horns 2, retaliatory headbutt
a: Renounce Religion, Recall Undead Harvest


You were on level 1 of the Dungeon.
You worshipped Yredelemnul.
Yredelemnul was noncommittal.
You visited 1 branch of the dungeon, and saw 1 of its levels.

You collected 57 gold pieces.

Inventory:

Hand Weapons
 a - a +0 war axe (weapon)
Armour
 b - a +0 scale mail (worn)
 c - a +0 buckler (worn)
Potions
 d - a potion of might
 e - a potion of heal wounds {unknown}
 f - a potion of haste {unknown}
 g - a potion of degeneration {unknown}


   Skills:
 + Level 4.0 Fighting
 + Level 2.6 Axes
 + Level 4.0 Armour
 + Level 3.8 Shields


You had one spell level left.
You didn't know any spells.
Your spell library was empty.

Dungeon Overview and Level Annotations

Branches:
Dungeon (1/15)

Altars:
Yredelemnul


Innate Abilities, Weirdness & Mutations

You have a pair of horns on your head.
You reflexively headbutt those who attack you in melee.


Message History

You kill the ball python!
Key pressed, stopping explore.
No target in view!
No target in view!
Found 25 arrows.
Items here: ) †††.
No target in view!
You now have 57 gold pieces (gained 7).
g - a metallic white potion No target in view!
Items here: ) †††.
You open the door.
Found a faded altar of an unknown god.
There is an open door here.
No target in view!
Found 13 bolts.
No target in view!
You see here a +3 dagger of draining.
A dart slug comes into view.
A hobgoblin comes into view.
The hobgoblin shouts!
The hobgoblin moves out of view.
A dart slug is nearby!
You slash the dart slug!
You kill the dart slug!
Your Armour skill increases to level 4!
You slash the hobgoblin!
You kill the hobgoblin!
Your Fighting skill increases to level 4!
No target in view!
You open the door.
There is an open door here.
You see here a ball python corpse.
There is an open door here.
There is a faded altar of an unknown god here.
You cannot tell which god this altar belongs to.
Convert to them anyway?
Yredelemnul accepts your prayer! Yredelemnul welcomes you!
You can now reap souls.
You can now recall your undead harvest.
Are you sure you want to abandon this character and quit the game? (Confirm with "yes".)

#..##.#########.# ##..
#..##...#..#.8#.### #...
##.###...#..'.8#...
.....#. #..##..# #..#.8#..
####### #......####.####.#
# ##...#.#.......#.#### #
###.#.#............######
#
#....#).######...÷.....###
#.....#†#@ZZ.#...#####....
#.....#.###Z##...# #####
#.....#......#..[#
#......#.....#...#
#......#######...#
#(....## #[...# #######
#....# ######


You could see a friendly bat zombie, a friendly ball python zombie and a
friendly giant cockroach zombie.

Vanquished Creatures
  A dart slug (D:1)
  An endoplasm (D:1)
  A giant cockroach (D:1)
  A goblin (D:1)
  2 hobgoblins (D:1)
  A quokka (D:1)
  3 ball pythons (D:1)
  A bat (D:1)
  A frilled lizard (D:1)
  A rat (D:1)
13 creatures vanquished.

Notes
Turn   | Place    | Note
-------+----------+-------------------------------------------
     0 | D:1      | Exodus22XD the Minotaur Fighter began the quest for the
                  | Orb.
     0 | D:1      | Reached XP level 1. HP: 19/19 MP: 0/0
   162 | D:1      | Reached XP level 2. HP: 27/27 MP: 1/1
   188 | D:1      | Found a faded altar of an unknown god.
   375 | D:1      | Prayed at the altar of an unknown god.
   375 | D:1      | Became a worshipper of Yredelemnul the Dark
   376 | D:1      | Quit the game

Illustrated notes

Levels and vault maps discovered:
D:1:      minmay_arrival_four_houses, layout_rooms,
          shapermc_ecumenical_altar_mp_vishouse

Skill      XL: |  1  2 |
---------------+-------+-----
Armour         | 4 |  4.0
Fighting       | 4 |  4.0
Axes           | |  2.6
Shields        | |  3.8

Action                   || total
-------------------------++-------
Melee: War axe           ||    21
Armor: Scale mail        ||    14
Dodge: Dodged            ||     8
Block: Buckler           ||     2
